 Dungeon Crawl Stone Soup version 0.27.1-1-g398f81649c (webtiles) character file.

Game seed: 1471177901347411855

20 Borgoz the Slasher (level 2, -5/40 HPs)
             Began as a Minotaur Berserker on Sept 19, 2021.
             Was a Follower of Trog.
             Slain by Sigmund (8 damage)
             ... on level 2 of the Dungeon.
             The game lasted 00:00:43 (1501 turns).

Borgoz the Slasher (Minotaur Berserker)             Turns: 1501, Time: 00:00:44

Health: -5/40      AC:  2    Str: 21    XL:     2   Next: 58%
Magic:  1/1        EV: 12    Int: 10    God:    Trog [*.....]
Gold:   45         SH:  0    Dex:  9    Spells: 1/1 levels left

rFire    . . .     SeeInvis .   a - +0 falchion
rCold    . . .     Faith    .   (no shield)
rNeg     . . .     Spirit   .   b - +0 animal skin
rPois    .         Reflect  .   (helmet restricted)
rElec    .         Harm     .   (no cloak)
rCorr    .         Rampage  .   (no gloves)
Will     .....                  (no boots)
Stlth    ..........             (no amulet)
HPRegen  0.13/turn              e - +6 ring of intelligence
MPRegen  0.07/turn              (no ring)

@: berserking (expiring), very quick
A: horns 2, retaliatory headbutt
a: Renounce Religion, Berserk


You were on level 2 of the Dungeon.
You worshipped Trog.
Trog was aware of your devotion.
You visited 1 branch of the dungeon, and saw 2 of its levels.

You collected 45 gold pieces.

Inventory:

Hand Weapons
 a - a +0 falchion (weapon)
Armour
 b - a +0 animal skin (worn)
 f - a +0 scale mail
Jewellery
 e - a +6 ring of intelligence (left hand)
Scrolls
 g - a scroll of teleportation {unknown}
Potions
 c - a potion of curing {unknown}
 d - a potion of might {unknown}
 h - 3 potions of invisibility {unknown}


   Skills:
 + Level 3.9 Fighting
 + Level 3.9 Long Blades
 + Level 2.9 Armour
 + Level 2.6 Dodging


You had one spell level left.
You didn't know any spells.
Your spell library was empty.

Dungeon Overview and Level Annotations

Branches:
Dungeon (2/15)

Altars:

Annotations:
D:2 Sigmund


Innate Abilities, Weirdness & Mutations

You have a pair of horns on your head.
You reflexively headbutt those who attack you in melee.


Message History

You now have 45 gold pieces (gained 10).
Found a ring mail.
Found a stone staircase leading down.
A goblin and Sigmund come into view.
Sigmund is wielding a +1 vorpal scythe.
The goblin shouts!
A rat comes into view.
A red film seems to cover your vision as you go berserk!
You feel yourself moving faster!
You feel mighty!
Sigmund shouts!
Sigmund barely misses you.
The goblin unwields a +0 club.
The goblin wields a +0 hunting sling.
The goblin shoots a stone.
The stone hits you.
You feel a strong urge to attack something.
You closely miss Sigmund.
The goblin shoots a stone.
The stone completely misses you.
Sigmund mumbles some strange words.
Sigmund flickers and vanishes!
Deactivating autopickup; reactivate with Ctrl-A.
You barely miss something.
The goblin shoots a stone.
The stone hits you.
You miss something. You headbutt something. Something hits you!
You are too injured to fight recklessly!
You are too injured to fight recklessly!
You are too injured to fight recklessly!
You closely miss something. You miss something. Something hits you.
The goblin shoots a stone.
The stone hits you but does no damage.
You closely miss something. The rat closely misses you.
You barely miss something.
The goblin shoots a stone.
The stone closely misses you. Something barely misses you.
The rat barely misses you. You furiously retaliate!
You headbutt the rat!
You kill the rat!
Trog accepts your kill.
You barely miss something. You headbutt something.
The goblin shoots a stone.
The stone hits you but does no damage.
You barely miss something. Something hits you!
* * * LOW HITPOINT WARNING * * *
x2 The goblin shoots a stone.
The stone closely misses you.
You slash something! You closely miss something. You headbutt something!
Something hits you!
You die...

########
##......#########
...[............#
#..g..@#######.#
......>{# #.#
##......# #.#
#......# #.#
#......# #.#
#####.## #.# #.
#.# #.########.#
#........#


You could see a goblin.

Vanquished Creatures
  An endoplasm (D:1)
  A giant cockroach (D:1)
  2 goblins (D:1)
  2 hobgoblins (D:1)
  A quokka (D:1)
  A ball python (D:1)
  4 bats
  2 frilled lizards (D:1)
  3 kobolds (D:1)
  3 rats
20 creatures vanquished.

Notes
Turn   | Place    | Note
-------+----------+-------------------------------------------
     0 | D:1      | Borgoz the Minotaur Berserker began the quest for the Orb.
     0 | D:1      | Reached XP level 1. HP: 19/19 MP: 0/0
   509 | D:1      | Found a faded altar of an unknown god.
   518 | D:1      | Reached XP level 2. HP: 19/27 MP: 1/1
  1488 | D:2      | Noticed Sigmund
  1501 | D:2      | Slain by Sigmund

Illustrated notes

Levels and vault maps discovered:
D:1:      elethiomel_arrival_infinity_welcomes_careful_drivers, layout_basic,
          hellmonk_ecumenical_altar_blasted
D:2:      layout_basic, uniq_sigmund

Action                   || total
-------------------------++-------
Melee: Falchion          ||    35
       Headbutt          ||     5
Invok: Berserk           ||     1
Armor: Animal skin       ||     7
Dodge: Dodged            ||    24
